AoeStats
← bigchipp77

Golden Pit

509731734Analyzed
1v1 RM · 5d ago on Sep 27, 2026· 56m 27s· 2 players
Game mode
Random Map
Map size
Tiny (2 player)
Population
200
Speed
Normal
Resources
Standard
Victory
Conquest
Starting age
Dark Age
Ending age
Imperial Age
RankedLock teamsTeams togetherTeam positionsShared explorationLock speedFull tech treeHidden civsTurbo modeCheats
Victory
Defeat
🇺🇸 Slavs · United States
888
+17
🇨🇦 Teutons · Canada
907
-17
bigchipp77
3:46 Loom
11:55 Feudal Age
12:35 Horse Collar
12:44 Double-Bit Axe
14:57 Wheelbarrow
17:41 Forging
18:19 Bloodlines
22:44 Castle Age
21:01 Stone Mining
21:05 Gold Mining
24:57 Scale Barding Armor
25:31 Hand Cart
25:03 Town Watch
25:57 Iron Casting
29:08 Town Patrol
32:44 Imperial Age
30:46 Fletching
31:34 Gold Shaft Mining
34:05 Conscription
33:22 Elite Boyar
38:35 Chain Barding Armor
40:14 Blast Furnace
40:27 Bodkin Arrow
41:32 Detinets
43:51 Hoardings
43:58 Plate Barding Armor
43:24 Padded Archer Armor
43:28 Husbandry
48:21 Heavy Plow
48:38 Bow Saw
50:46 Chemistry
50:06 Town Patrol
51:21 Druzhina
51:58 Heavy Scorpion
53:01 Masonry
54:55 Siege Engineers
Poptart#44
6:09 Loom
11:22 Feudal Age
12:05 Double-Bit Axe
14:25 Horse Collar
19:28 Castle Age
17:50 Fletching
22:25 Heavy Plow
22:18 Pikeman
22:59 Squires
24:17 Gold Mining
24:20 Stone Mining
25:49 Forging
25:39 Scale Mail Armor
27:30 Bodkin Arrow
29:11 Chain Mail Armor
29:32 Iron Casting
36:56 Imperial Age
38:35 Halberdier
47:08 Blast Furnace
Connection lost

Rejoining the realm…

Still unreachable

The connection could not be restored.

Session expired

The server has moved on; the page needs a fresh start.